NCAA
MIAMI HURRICANES @ WASHINGTON HUSKIES
05/07/2024
 
TOP OF THE 1ST
Miami Hurricanes batting - Pitching for Washington Huskies : RHP Fred Gilbert
Pitching: RHP Fred Gilbert
Batting: SHB Douglas Taylor 0-0: Called Strike
0-1: Ball
1-1: Ball
2-1: SOLO HOME RUN (Flyball, 89XD), Distance : 369 ft
Batting: RHB Jim McKinney 0-0: Foul Ball, location: 2F
0-1: Ball
1-1: Ball
2-1: Fly out, F3 (Popup, 3SF)
Batting: RHB Ken MacDonald 0-0: Called Strike
0-1: Ball
1-1: Ball
2-1: Foul Ball, location: 2F
2-2: Ground out 5-3 (Groundball, 56S)
Batting: RHB Dwight Henderson 0-0: Ball
1-0: Ball
2-0: Called Strike
2-1: Fly out, F8 (Flyball, 8RM)
Top of the 1st over - 1 run(s), 1 hit(s), 0 error(s), 0 left on base; Miami 1 - Washington 0
BOTTOM OF THE 1ST
Washington Huskies batting - Pitching for Miami Hurricanes : RHP John Harvey
Pitching: RHP John Harvey
Batting: RHB Corey Bailey 0-0: Foul Ball, location: 2F
0-1: Ball
1-1: Ball
2-1: Foul Ball, location: 2F
2-2: Strikes out swinging
Batting: RHB Fernando Castellanos 0-0: Swinging Strike
0-1: Swinging Strike
0-2: Strikes out looking
Batting: RHB Jacob Pope 0-0: Ball
1-0: Foul Ball, location: 2F
1-1: Ball
2-1: Called Strike
2-2: Ground out 5-3 (Groundball, 56S)
Bottom of the 1st over - 0 run(s), 0 hit(s), 0 error(s), 0 left on base; Miami 1 - Washington 0
TOP OF THE 2ND
Miami Hurricanes batting - Pitching for Washington Huskies : RHP Fred Gilbert
Batting: SHB Will Davis 0-0: Ball
1-0: Ball
2-0: Ball
3-0: Called Strike
3-1: Foul Ball, location: 2F
3-2: SINGLE (Groundball, 6MD)
Batting: RHB Nick Watts 0-0: Ball
Will Davis steals 2nd base
1-0: Ball
2-0: Ball
3-0: Called Strike
3-1: Called Strike
3-2: Base on Balls
Batting: SHB Steve Lynch 0-0: SINGLE (Line Drive, 6D)
Will Davis to third
Nick Watts to second
Runner from 3rd tries for Home, SAFE, no throw or cutoff
Batting: RHB John Harvey 0-0: Called Strike
0-1: Ball
1-1: Grounds into double play, 4-6-3 (Groundball, 34)
Nick Watts to third
Batting: RHB Sean King 0-0: Called Strike
0-1: Ball
1-1: Foul Ball, location: 2F
1-2: Ball
2-2: Ball
3-2: Foul Ball, location: 2F
3-2: Strikes out swinging
Top of the 2nd over - 1 run(s), 2 hit(s), 0 error(s), 1 left on base; Miami 2 - Washington 0
BOTTOM OF THE 2ND
Washington Huskies batting - Pitching for Miami Hurricanes : RHP John Harvey
Batting: LHB Giraldo Jennings 0-0: SOLO HOME RUN (Flyball, 89XD), Distance : 372 ft
Batting: RHB Manuel Hernández 0-0: Foul Ball, location: 2F
0-1: Ball
1-1: Swinging Strike
1-2: Strikes out looking
Batting: RHB Luis Maestas 0-0: Called Strike
0-1: Swinging Strike
0-2: Foul Ball, location: 2F
0-2: Fly out, F5 (Popup, 15S)
Batting: LHB Sam Clay 0-0: Ball
1-0: Ball
2-0: Called Strike
2-1: Fly out, F7 (Flyball, 56D)
Bottom of the 2nd over - 1 run(s), 1 hit(s), 0 error(s), 0 left on base; Miami 2 - Washington 1
TOP OF THE 3RD
Miami Hurricanes batting - Pitching for Washington Huskies : RHP Fred Gilbert
Batting: SHB Douglas Taylor 0-0: SINGLE (Groundball, 6MD) (infield hit)
Batting: RHB Jim McKinney 0-0: SINGLE (Popup, 9S)
Douglas Taylor to second
Runner from 2nd tries for 3rd, SAFE, no throw or cutoff
Batting: RHB Ken MacDonald 0-0: Called Strike
0-1: Ball
Jim McKinney is caught stealing 2nd base
1-1: Swinging Strike
1-2: Foul Ball, location: 2F
1-2: Foul Ball, location: 2F
1-2: Ball
2-2: Strikes out looking
Batting: RHB Dwight Henderson 0-0: Ground out 6-3 (Groundball, 6)
Top of the 3rd over - 0 run(s), 2 hit(s), 0 error(s), 1 left on base; Miami 2 - Washington 1
BOTTOM OF THE 3RD
Washington Huskies batting - Pitching for Miami Hurricanes : RHP John Harvey
Batting: RHB Frank Martínez 0-0: Ball
1-0: Called Strike
1-1: Foul Ball, location: 2F
1-2: Strikes out looking
Batting: RHB Roy Banks 0-0: Called Strike
0-1: DOUBLE (Line Drive, 56D)
Batting: RHB Corey Bailey 0-0: Ball
1-0: Ball
2-0: Ball
3-0: Called Strike
3-1: Swinging Strike
3-2: Fly out, F9 (Line Drive, 9M)
Batting: RHB Fernando Castellanos 0-0: Ball
1-0: Ground out U3 (Groundball, 3S)
Bottom of the 3rd over - 0 run(s), 1 hit(s), 0 error(s), 1 left on base; Miami 2 - Washington 1
TOP OF THE 4TH
Miami Hurricanes batting - Pitching for Washington Huskies : RHP Fred Gilbert
Batting: SHB Will Davis 0-0: Called Strike
0-1: Called Strike
0-2: Fly out, F8 (Flyball, 78M)
Batting: RHB Nick Watts 0-0: Ball
1-0: Ball
2-0: Ball
3-0: Called Strike
3-1: Swinging Strike
3-2: Base on Balls
Batting: SHB Steve Lynch 0-0: Called Strike
0-1: Ball
1-1: Swinging Strike
1-2: Fly out, F9 (Line Drive, 9S)
Batting: RHB John Harvey 0-0: Called Strike
0-1: Foul Ball, location: 2F
0-2: Ball
1-2: Strikes out swinging
Top of the 4th over - 0 run(s), 0 hit(s), 0 error(s), 1 left on base; Miami 2 - Washington 1
BOTTOM OF THE 4TH
Washington Huskies batting - Pitching for Miami Hurricanes : RHP John Harvey
Batting: RHB Jacob Pope 0-0: Ball
1-0: Foul Ball, location: 2F
1-1: Swinging Strike
1-2: Foul Ball, location: 2F
1-2: Fly out, F9 (Flyball, 9D)
Batting: LHB Giraldo Jennings 0-0: Ball
1-0: Ground out 6-3 (Groundball, 6M)
Batting: RHB Manuel Hernández 0-0: Ball
1-0: Called Strike
1-1: Ball
2-1: Called Strike
2-2: Ball
3-2: Ground out 6-3 (Groundball, 6)
Bottom of the 4th over - 0 run(s), 0 hit(s), 0 error(s), 0 left on base; Miami 2 - Washington 1
TOP OF THE 5TH
Miami Hurricanes batting - Pitching for Washington Huskies : RHP Fred Gilbert
Batting: RHB Sean King 0-0: Ball
1-0: Ball
2-0: Called Strike
2-1: Ball
3-1: Base on Balls
Batting: SHB Douglas Taylor 0-0: Swinging Strike
0-1: Foul Ball, location: 2F
0-2: Ball
1-2: Ball
Balk!
Sean King to second
2-2: Strikes out swinging
Pitching: LHP Ty Baker
Batting: RHB Jim McKinney 0-0: Ball
1-0: DOUBLE (Line Drive, 9LS)
Sean King scores
Batting: RHB Ken MacDonald 0-0: Foul Ball, location: 2F
0-1: Ball
1-1: Called Strike
1-2: Ball
2-2: Foul Ball, location: 2F
2-2: Strikes out swinging
Batting: RHB Dwight Henderson 0-0: Called Strike
0-1: Ball
1-1: Swinging Strike
1-2: 2-RUN HOME RUN (Line Drive, 7D), Distance : 367 ft
Batting: SHB Will Davis 0-0: Ball
1-0: Reached on Error, E7 (Flyball, 78S)
Batting: RHB Nick Watts 0-0: Ball
1-0: Called Strike
1-1: Ground out 6-3 (Groundball, 6M)
Top of the 5th over - 3 run(s), 2 hit(s), 1 error(s), 1 left on base; Miami 5 - Washington 1
BOTTOM OF THE 5TH
Washington Huskies batting - Pitching for Miami Hurricanes : RHP John Harvey
Batting: RHB Luis Maestas 0-0: Ball
1-0: Ball
2-0: Called Strike
2-1: Swinging Strike
2-2: Ball
3-2: Ground out 6-3 (Groundball, 6)
Batting: LHB Sam Clay 0-0: Ball
1-0: Fly out, F5 (Popup, 5D)
Batting: RHB Frank Martínez 0-0: Swinging Strike
0-1: Ball
1-1: Called Strike
1-2: Strikes out swinging
Bottom of the 5th over - 0 run(s), 0 hit(s), 0 error(s), 0 left on base; Miami 5 - Washington 1
TOP OF THE 6TH
Miami Hurricanes batting - Pitching for Washington Huskies : LHP Ty Baker
Batting: SHB Steve Lynch 0-0: Ball
1-0: Swinging Strike
1-1: Ball
2-1: Foul Ball, location: 2F
2-2: Ball
3-2: Foul Ball, location: 2F
3-2: Base on Balls
Batting: RHB John Harvey 0-0: Swinging Strike
0-1: SINGLE (Flyball, 8RS)
Steve Lynch to second
Batting: RHB Sean King 0-0: Foul Ball, location: 2F
0-1: Ball
1-1: Ball
2-1: Ball
3-1: Base on Balls
Steve Lynch to third
John Harvey to second
Pitching: LHP John Wiley
Batting: SHB Douglas Taylor 0-0: DOUBLE (Flyball, 78XD)
Steve Lynch scores
John Harvey scores
Sean King to third
Batting: RHB Jim McKinney 0-0: Called Strike
0-1: Ball
1-1: Swinging Strike
1-2: Ground out 3-1 (Groundball, 34)
Sean King scores
Douglas Taylor to third
Batting: RHB Ken MacDonald 0-0: Ball
1-0: Ball
2-0: Ball
3-0: Base on Balls
Batting: RHB Dwight Henderson 0-0: Ball
1-0: Called Strike
1-1: Swinging Strike
1-2: Ball
2-2: Strikes out swinging
Batting: SHB Will Davis 0-0: Ball
1-0: Foul Ball, location: 2F
1-1: Ball
2-1: Fly out, F9 (Flyball, 89M)
Top of the 6th over - 3 run(s), 2 hit(s), 0 error(s), 2 left on base; Miami 8 - Washington 1
BOTTOM OF THE 6TH
Washington Huskies batting - Pitching for Miami Hurricanes : RHP John Harvey
Batting: RHB Roy Banks 0-0: Foul Ball, location: 2F
0-1: Ball
1-1: Ball
2-1: Foul Ball, location: 2F
2-2: Foul Ball, location: 2F
2-2: Ball
3-2: Strikes out looking
Batting: RHB Corey Bailey 0-0: Ball
1-0: Called Strike
1-1: Ground out 2-3 (Groundball, 23)
Batting: RHB Fernando Castellanos 0-0: Called Strike
0-1: Ball
1-1: Ball
2-1: Ball
3-1: SOLO HOME RUN (Flyball, 9LD), Distance : 336 ft
Batting: RHB Jacob Pope 0-0: Called Strike
0-1: Swinging Strike
0-2: Ball
1-2: Fly out, F2 (Popup, 23F)
Bottom of the 6th over - 1 run(s), 1 hit(s), 0 error(s), 0 left on base; Miami 8 - Washington 2
TOP OF THE 7TH
Miami Hurricanes batting - Pitching for Washington Huskies : LHP John Wiley
Batting: RHB Nick Watts 0-0: Ball
1-0: Ball
2-0: Called Strike
2-1: Swinging Strike
2-2: Foul Ball, location: 2F
2-2: Strikes out swinging
Batting: SHB Steve Lynch 0-0: Foul Ball, location: 2F
0-1: Swinging Strike
0-2: Ball
1-2: Strikes out swinging
Batting: RHB John Harvey 0-0: Ball
1-0: Foul Ball, location: 2F
1-1: Foul Ball, location: 2F
1-2: Strikes out swinging
Top of the 7th over - 0 run(s), 0 hit(s), 0 error(s), 0 left on base; Miami 8 - Washington 2
BOTTOM OF THE 7TH
Washington Huskies batting - Pitching for Miami Hurricanes : RHP John Harvey
Pitching: RHP Chris Schultz
Batting: LHB Giraldo Jennings 0-0: Swinging Strike
Error on foul ball, E3
0-2: Fly out, F9 (Flyball, 9M)
Batting: RHB Manuel Hernández 0-0: Ball
1-0: Ball
2-0: Ball
3-0: Called Strike
3-1: SINGLE (Groundball, 13) (infield hit)
Batting: RHB Luis Maestas 0-0: Swinging Strike
0-1: Grounds into double play, 4-6-3 (Groundball, 4)
Bottom of the 7th over - 0 run(s), 1 hit(s), 1 error(s), 0 left on base; Miami 8 - Washington 2
TOP OF THE 8TH
Miami Hurricanes batting - Pitching for Washington Huskies : LHP John Wiley
Pitching: RHP Dave Woods
Batting: RHB Sean King 0-0: Ground out 5-3 (Groundball, 15S)
Batting: SHB Douglas Taylor 0-0: Ball
1-0: Ball
2-0: SINGLE (Line Drive, 56)
Batting: RHB Jim McKinney 0-0: Foul Ball, location: 2F
0-1: Foul Ball, location: 2F
0-2: SINGLE (Flyball, 9S)
Douglas Taylor to second
Runner from 2nd tries for 3rd, SAFE, no throw or cutoff
Batting: RHB Ken MacDonald 0-0: Ball
1-0: Foul Ball, location: 2F
1-1: Foul Ball, location: 2F
1-2: Ball
2-2: SINGLE (Flyball, 9S)
Douglas Taylor scores
Jim McKinney to second
Throwing error, E9
Jim McKinney scores
Ken MacDonald to second
Batting: RHB Dwight Henderson 0-0: Called Strike
Ken MacDonald is caught stealing 3rd base
0-1: Called Strike
0-2: Strikes out swinging
Top of the 8th over - 2 run(s), 3 hit(s), 1 error(s), 0 left on base; Miami 10 - Washington 2
BOTTOM OF THE 8TH
Washington Huskies batting - Pitching for Miami Hurricanes : RHP Chris Schultz
Batting: LHB Sam Clay 0-0: Called Strike
0-1: Ball
1-1: Swinging Strike
1-2: Ball
2-2: Strikes out swinging
Batting: RHB Frank Martínez 0-0: Called Strike
0-1: Swinging Strike
0-2: Strikes out swinging
Batting: RHB Roy Banks 0-0: Ball
1-0: Called Strike
1-1: Ball
2-1: SOLO HOME RUN (Flyball, 7D), Distance : 358 ft
Batting: RHB Corey Bailey 0-0: Called Strike
0-1: Foul Ball, location: 2F
0-2: Ball
1-2: Strikes out swinging
Bottom of the 8th over - 1 run(s), 1 hit(s), 0 error(s), 0 left on base; Miami 10 - Washington 3
TOP OF THE 9TH
Miami Hurricanes batting - Pitching for Washington Huskies : RHP Dave Woods
Batting: SHB Will Davis 0-0: Swinging Strike
0-1: Ball
1-1: Called Strike
1-2: Foul Ball, location: 2F
1-2: Ball
2-2: Fly out, F6 (Popup, 6M)
Batting: RHB Nick Watts 0-0: Ball
1-0: Ball
2-0: Swinging Strike
2-1: Ball
3-1: Base on Balls
Batting: SHB Steve Lynch 0-0: Called Strike
0-1: Foul Ball, location: 2F
0-2: Ball
1-2: Ball
2-2: Ball
3-2: Strikes out swinging
Batting: RHB John Harvey 0-0: Ball
1-0: Ball
2-0: Ball
3-0: Base on Balls
Nick Watts to second
Batting: RHB Sean King 0-0: Ball
1-0: Foul Ball, location: 2F
1-1: Foul Ball, location: 2F
1-2: Ball
2-2: Ball
3-2: Strikes out swinging
Top of the 9th over - 0 run(s), 0 hit(s), 0 error(s), 2 left on base; Miami 10 - Washington 3
BOTTOM OF THE 9TH
Washington Huskies batting - Pitching for Miami Hurricanes : RHP Chris Schultz
Batting: RHB Fernando Castellanos 0-0: Ball
1-0: Foul Ball, location: 2F
1-1: Swinging Strike
1-2: Ball
2-2: Ball
3-2: SOLO HOME RUN (Flyball, 78XD), Distance : 368 ft
Batting: RHB Jacob Pope 0-0: Ball
1-0: SINGLE (Flyball, 7S)
Batting: LHB Giraldo Jennings 0-0: Fielders Choice at 2nd, 6-4 (Groundball, 6M)
Batting: RHB Manuel Hernández 0-0: Ball
1-0: Called Strike
1-1: Ball
2-1: Ball
3-1: Base on Balls
Giraldo Jennings to second
Pitching: RHP Pablo Pérez
Batting: RHB Luis Maestas 0-0: Ball
1-0: Foul Ball, location: 2F
1-1: Ball
2-1: Swinging Strike
2-2: Strikes out swinging
Batting: LHB Sam Clay 0-0: Ball
1-0: Ball
2-0: Ball
3-0: Called Strike
3-1: Ground out 6-3 (Groundball, 6)
Bottom of the 9th over - 1 run(s), 2 hit(s), 0 error(s), 2 left on base; Miami 10 - Washington 4
This league is powered by Out of the Park Baseball, the baseball management simulation game for PC, Mac and Linux
Saturday, April 9th, 2016 - OOTP Baseball 16.8 Build 38